 Dungeon Crawl Stone Soup version 0.23.2-1-ga50397a6bc (webtiles) character file.

Game seed: 13273954908909397485

2082 Freyura the Chopper (level 9, -2/79 HPs)
             Began as a Deep Dwarf Fighter on May 26, 2019.
             Was a Priest of Elyvilon.
             Slain by a +2 rapier of chaos (10 damage)
             ... on level 6 of the Dungeon.
             The game lasted 00:24:05 (4631 turns).

Freyura the Chopper (Deep Dwarf Fighter)            Turns: 4631, Time: 00:24:07

Health: -2/79      AC:  7    Str: 19    XL:     9   Next: 6%
Magic:  6/9        EV: 10    Int: 10    God:    Elyvilon [***...]
Gold:   262        SH:  0    Dex: 15    Spells: 8/8 levels left

rFire    + . .     SeeInvis .   q - +0 war axe (distort)
rCold    + + .     Gourm    .   c - +1 shield
rNeg     . . .     Faith    .   b - +0 scale mail
rPois    +         Spirit   .   (no helmet)
rElec    .         Reflect  .   (no cloak)
rCorr    .         Harm     .   (no gloves)
MR       +....     Rnd*Tele +   (no boots)
Stlth    ..........             (no amulet)
HPRegen  0.00/turn              n - ring of protection from fire
MPRegen  0.11/turn              d - ring of poison resistance

@: confused, lethally poisoned (-2 -> -11), berserk cooldown, non-regenerating,
slowed, very slow
A: damage resistance, heal wounds, cold resistance 2, sense surroundings 2,
teleportitis 1, no regeneration
a: Heal Wounds, Lesser Healing, Heal Other, Purification, Divine Protection,
Renounce Religion


You were on level 6 of the Dungeon.
You worshipped Elyvilon.
Elyvilon was most pleased with you.
You were hungry.

You visited 2 branches of the dungeon, and saw 7 of its levels.

You collected 262 gold pieces.

Inventory:

Hand Weapons
 a - a +0 war axe
 q - a +0 war axe of distortion (weapon)
Armour
 b - a +0 scale mail (worn)
 c - a +1 shield (worn)
Jewellery
 d - a ring of poison resistance (right hand)
 m - an uncursed ring of fire
 n - a ring of protection from fire (left hand)
 r - an uncursed ring of wizardry
 s - an uncursed ring of stealth
Wands
 l - a wand of iceblast (9)
Scrolls
 e - 4 scrolls of remove curse
 g - 5 scrolls of teleportation
 i - a scroll of amnesia
Potions
 j - a potion of cancellation
 k - 2 potions of curing
 p - a potion of flight
 v - a potion of brilliance {unknown}
Comestibles
 f - 8 rations


   Skills:
 + Level 4.7 Fighting
 * Level 7.2 Axes
 + Level 5.7 Armour
 + Level 4.6 Dodging
 + Level 5.6 Shields
 + Level 5.1 Invocations
 + Level 3.9 Evocations


You had 8 spell levels left.
You didn't know any spells.
Your spell library was empty.

Dungeon Overview and Level Annotations

Branches:
Dungeon (6/15)             Temple (1/1) D:5

Altars:
Ashenzari
Cheibriados
Elyvilon
Fedhas
Gozag
Hepliaklqana
Kikubaaqudgha
Makhleb
Okawaru
Ru
Trog
Uskayaw
Vehumet
Xom
Yredelemnul
Zin
The Shining One

Shops:
D:4 =

Annotations:
D:6 voshxz's ghost, novice MiFi


Innate Abilities, Weirdness & Mutations

You are resistant to damage.
You can heal yourself by infusing magical energy.
You passively map the area around you.
You do not regenerate.
Your flesh is very cold resistant. (rC++)
You are occasionally teleported next to monsters.


Message History

You barely miss the +2 rapier of chaos. The +2 rapier of chaos hits you!
You are confused.
The +2 rapier of chaos hits you.
You bump into the translucent stone wall.
You feel a strong urge to attack something.
The +2 rapier of chaos hits you!
* * * LOW HITPOINT WARNING * * *
You are poisoned.
You are no longer berserk.
You are exhausted.
You feel yourself slow down. The +2 rapier of chaos hits you.
* * * LOW HITPOINT WARNING * * *
You are more poisoned.
* * * LOW HITPOINT WARNING * * *
You feel very sick. The +2 rapier of chaos hits you.
* * * LOW HITPOINT WARNING * * *
You feel as though you will be slow longer.
The +2 rapier of chaos hits you!
You die...

####.### ###.......# #....##.#
.......# #.......# #....##..
.......###########.######....####
.......+.........................
.......###############.###...)..#
...............##.##............'
####.....#######[_.###.###......#
# #.....# ###W####.# #......# ##
#.....######.@(..##.# #......# .#
#.....##.........##'########## .#
#.....##.........#.....#
.##########.........#.....#
.....######.........#.....#
.....#..............#.....#
.....#..............#.....#
.#####...?...(.....(#.....# .#
#........#.##........#


You could see a +2 rapier of chaos and voshxz's ghost.

Vanquished Creatures
  Sigmund (D:3)
  An acid dragon (D:6)
  Purgy (D:3)
  A necrophage (D:5)
  2 orc warriors
  A centaur (D:5)
  2 ogres
  A wyvern zombie (D:5)
  2 scorpions
  2 centaur zombies (D:6)
  A crimson imp (D:5)
  2 hounds (D:5)
  2 orc priests (D:6)
  A centaur skeleton (D:5)
  8 orc wizards
  A bullfrog skeleton (D:6)
  An iguana (D:4)
  3 worker ants
  11 gnolls
  8 adders
  An adder zombie (D:6)
  3 worms
  A dart slug (D:1)
  3 leopard geckos
  25 orcs
  4 giant cockroaches
  11 goblins
  5 hobgoblins
  7 jackals
  5 kobolds
  3 quokkas
  A ball python skeleton (D:4)
  5 bats
  8 frilled lizards
  A giant cockroach zombie (D:5)
  A jackal zombie (D:5)
  6 rats
142 creatures vanquished.

Vanquished Creatures (others)
  A sky beast (D:6)
  A centaur (D:5)
2 creatures vanquished.

Grand Total: 144 creatures vanquished

Notes
Turn   | Place    | Note
-------+----------+-------------------------------------------
     0 | D:1      | Freyura the Deep Dwarf Fighter began the quest for the Orb.
     0 | D:1      | Reached XP level 1. HP: 20/20 MP: 1/1
   269 | D:1      | Reached XP level 2. HP: 25/27 MP: 2/2
   733 | D:2      | Reached skill level 1 in Dodging
   747 | D:2      | Reached XP level 3. HP: 17/33 MP: 3/3
   803 | D:2      | Found a glowing golden altar of the Shining One.
   819 | D:2      | Reached skill level 3 in Axes
   835 | D:2      | Became a worshipper of the Shining One
   996 | D:2      | Found a burning altar of Makhleb.
  1254 | D:3      | Noticed Purgy
  1266 | D:3      | Killed Purgy
  1266 | D:3      | Reached skill level 1 in Invocations
  1266 | D:3      | Reached XP level 4. HP: 35/42 MP: 3/5
  1266 | D:3      | Reached XP level 5. HP: 41/49 MP: 3/6
  1313 | D:3      | Noticed Sigmund
  1332 | D:3      | Killed Sigmund
  1332 | D:3      | Reached skill level 4 in Axes
  1332 | D:3      | Reached XP level 6. HP: 25/56 MP: 7/7
  1576 | D:3      | Found a white marble altar of Elyvilon.
  1581 | D:3      | Fell from the grace of the Shining One
  1581 | D:3      | Became a worshipper of Elyvilon the Healer
  2029 | D:4      | Noticed an orc warrior
  2036 | D:4      | Reached XP level 7. HP: 43/62 MP: 9/9
  2045 | D:4      | Reached skill level 5 in Axes
  2045 | D:4      | Reached skill level 1 in Evocations
  2107 | D:4      | Found a shattered altar of Ashenzari.
  2153 | D:4      | Found Vada's Jewellery Boutique.
  2261 | D:4      | Reached * piety under Elyvilon
  2769 | D:5      | Entered Level 5 of the Dungeon
  2776 | D:5      | Reached ** piety under Elyvilon
  2921 | D:5      | Reached XP level 8. HP: 40/72 MP: 9/9
  2936 | D:5      | Found a staircase to the Ecumenical Temple.
  2942 | D:5      | Reached skill level 6 in Axes
  2942 | D:5      | Reached skill level 5 in Armour
  2947 | Temple   | Entered the Ecumenical Temple
  3295 | D:5      | Reached skill level 5 in Shields
  3874 | D:6      | Reached *** piety under Elyvilon
  4030 | D:6      | Found a runed translucent door.
  4324 | D:6      | Reached skill level 7 in Axes
  4324 | D:6      | Reached skill level 5 in Invocations
  4449 | D:6      | Gained mutation: You passively map the area around you.
                  | [Deep Dwarf growth]
  4449 | D:6      | Reached XP level 9. HP: 7/79 MP: 10/10
  4608 | D:6      | Found a shimmering altar of Xom.
  4608 | D:6      | Noticed voshxz's ghost (novice MiFi)
  4608 | D:6      | Noticed a +2 rapier of chaos
  4618 | D:6      | Gained mutation: You are occasionally teleported next to
                  | monsters. [potion of mutation]
  4618 | D:6      | Gained mutation: Your flesh is cold resistant. (rC+)
                  | [potion of mutation]
  4618 | D:6      | Gained mutation: Your flesh is very cold resistant. (rC++)
                  | [potion of mutation]
  4631 | D:6      | Slain by a +2 rapier of chaos

Skill      XL: |  1  2  3  4  5  6  7  8 |
---------------+-------------------------+-----
Dodging        | 1 2 3 4 |  4.6
Axes           | 3 4 5 7 |  7.2
Fighting       | 3 4 |  4.7
Invocations    | 1 2 3 5 |  5.1
Armour         | 4 5 |  5.7
Shields        | 4 5 |  5.6
Evocations     | 2 3 |  3.9

Action                   |  1- 3 |  4- 6 |  7- 9 || total
-------------------------+-------+-------+-------++-------
Melee: War axe           |   125 |   136 |   274 ||   535
Invok: Lesser Healing    |       |       |     7 ||     7
 Abil: Heal Wounds       |     1 |     3 |     5 ||     9
  Use: Potion            |     1 |       |     3 ||     4
       Scroll            |       |     5 |    10 ||    15
  Eat: Chunk             |     1 |     3 |     9 ||    13
Armor: Scale mail        |    47 |    39 |    88 ||   174
Dodge: Dodged            |    43 |    49 |   107 ||   199
Block: Shield            |    77 |    75 |   127 ||   279
